 Dungeon Crawl Stone Soup version 0.21-a0-401-g0b6bec4 (webtiles) character file.

558 Atlas the Chiller (level 7, 0/55 HPs)
             Began as a Grey Draconian Ice Elementalist on Oct 23, 2017.
             Slain by an orc
             ... wielding a +0 falchion
              (3 damage)
             ... on level 4 of the Dungeon.
             The game lasted 00:08:07 (3468 turns).

Atlas the Chiller (Grey Draconian Ice Elementalist) Turns: 3468, Time: 00:08:07

Health: 0/55       AC: 17    Str: 10    XL:     7   Next: 9%
Magic:  0/12       EV: 12    Int: 17    God:
Gold:   118        SH:  4    Dex: 12    Spells: 6/12 levels left

rFire    . . .     SeeInvis .   t - +3 morningstar (protect)
rCold    . . .     Gourm    .   (no shield)
rNeg     . . .     Faith    .   (armour unavailable)
rPois    .         Spirit   .   c - +1 hat
rElec    .         Reflect  +   (no cloak)
rCorr    .         Harm     .   (no gloves)
MR       +....                  (no boots)
Stlth    ++........             l - +4 amulet of reflection
HPRegen  0.18/turn              p - ring of protection from magic
MPRegen  0.13/turn              x - ring of wizardry

@: icy armour, about to teleport, slow
A: walk through water, unfitting armour, unbreathing, cold-blooded, AC +11
a: no special abilities


You were on level 4 of the Dungeon.
You were not hungry.

You visited 1 branch of the dungeon, and saw 4 of its levels.
You also visited: Ossuary.

You collected 118 gold pieces.

Inventory:

Hand Weapons
 t - a +3 morningstar of protection (weapon)
Armour
 c - a +1 hat (worn)
Jewellery
 l - a +4 amulet of reflection (around neck)
 p - a ring of protection from magic (left hand)
 x - a ring of wizardry (right hand)
Scrolls
 d - a scroll of recharging
 g - 2 scrolls of remove curse {unknown}
 h - a scroll of fog
 i - 2 scrolls of enchant weapon
 m - a scroll of immolation
 q - a scroll of teleportation
 r - a scroll of noise
 s - a scroll of enchant armour {unknown}
 v - 2 scrolls of identify
 w - a scroll of blinking {unknown}
Potions
 e - 2 potions of agility {unknown}
 j - a potion of invisibility {unknown}
 n - a potion of curing
 o - a potion of brilliance {unknown}
 u - 2 potions of haste {unknown}
Books
 a - a book of Frost

   Spells                             Type                      Level
   a - Freeze                         Ice                          1
   b - Throw Frost                    Conjuration/Ice              2
   c - Ozocubu's Armour               Charms/Ice                   3
   d - Throw Icicle                   Conjuration/Ice              4
   e - Summon Ice Beast               Ice/Summoning                4
Comestibles
 b - 2 bread rations
 f - 2 meat rations
 k - 2 fruits
 z - 5 chunks of flesh


   Skills:
 + Level 2.2 Fighting
 + Level 4.4 Maces & Flails
 + Level 2.5 Dodging
 - Level 1.9 Stealth
 + Level 0.6 Unarmed Combat
 + Level 3.4 Spellcasting
 + Level 1.0 Conjurations
 + Level 0.3 Charms
 + Level 4.5 Ice Magic


You had 6 spell levels left.
You knew the following spells:

 Your Spells              Type           Power        Failure   Level  Hunger
a - Freeze                Ice            ###.         1%          1    None
b - Throw Frost           Conj/Ice       ##....       3%          2    ##.....
c - Ozocubu's Armour      Chrm/Ice       ##......     8%          3    ###....


Dungeon Overview and Level Annotations

Branches:
Dungeon (4/15)
 Temple: D:4-7

Altars:
Ashenzari
Uskayaw
Xom

Annotations:
D:4 Blork the orc


Innate Abilities, Weirdness & Mutations

You can walk through water.
Your dull iron-grey scales are very hard. (AC +11)
You cannot fit into any form of body armour.
You can survive without breathing.
You are cold-blooded and may be slowed by cold attacks.


Message History

The orc wizard is lightly wounded.
Something hits you!
* * * LOW HITPOINT WARNING * * *
You feel your power leaking away. The orc barely misses you.
The quokka bites you but does no damage.
The orc wizard barely misses you. Something hits you.
* * * LOW HITPOINT WARNING * * *
You feel your power leaking away. The quokka closely misses you.
Something hits you.
* * * LOW HITPOINT WARNING * * *
The quokka bites you but does no damage.
The orc wizard mumbles some strange words.
The orc wizard flickers and vanishes!
As you read the scroll of teleportation, it crumbles to dust.
You feel strangely unstable. Something hits you.
* * * LOW HITPOINT WARNING * * *
You feel your power leaking away. The orc hits you with a falchion.
You die...

##.......# <..#.#.#.#
.#.#.._..##
.#.###.#..############
.#.# #.)#............##
.#.####...###.........#
..............# #....#
.#.....#####.#.###.#..##+#
.....#..........@........#
.......######...or.......#
###.#.## ##.##o.......#
#.#.# #####.{...... #.#.#
#?).....# #.#.# #.#..#.##
#........ .......#.
..###..#


You could see 2 orcs and a quokka.

Vanquished Creatures
  An ice beast (D:4)
  3 water moccasin zombies (Ossuary)
  2 orc priests
  2 orc wizards (D:4)
  2 big kobold zombies (Ossuary)
  2 mummies (Ossuary)
  2 adders (D:3)
  An ooze (D:2)
  A worm zombie (D:4)
  4 adder zombies (Ossuary)
  A worm (D:3)
  2 dart slugs
  3 leopard geckos
  8 orcs
  9 bats
  4 giant cockroaches
  A gnoll zombie (Ossuary)
  5 goblins
  8 hobgoblins
  A quokka (D:3)
  A ball python (D:3)
  4 frilled lizards
  2 hobgoblin zombies (Ossuary)
  A jackal zombie (D:4)
  5 kobolds
  8 kobold zombies (Ossuary)
  4 orc zombies (Ossuary)
  6 rats
  A rat zombie (D:4)
94 creatures vanquished.

Notes
Turn   | Place    | Note
-------+----------+-------------------------------------------
     0 | D:1      | Atlas the Draconian Ice Elementalist began the quest for the Orb.
     0 | D:1      | Reached XP level 1. HP: 14/14 MP: 3/3
   238 | D:1      | Reached XP level 2. HP: 20/20 MP: 0/5
   970 | D:2      | Found a hide-covered altar of Uskayaw.
  1091 | D:2      | Reached XP level 3. HP: 24/26 MP: 1/6
  1659 | D:3      | Learned a level 2 spell: Throw Frost
  1663 | D:3      | Learned a level 3 spell: Ozocubu's Armour
  1906 | D:3      | Reached XP level 4. HP: 33/33 MP: 2/7
  1920 | D:3      | HP: 2/49 [orc priest/hand axe (5)]
  2385 | D:3      | Found a shimmering altar of Xom.
  2679 | D:4      | Found a shattered altar of Ashenzari.
  2681 | D:4      | Found a sand-covered staircase.
  2697 | Ossuary  | Entered an ossuary
  2762 | Ossuary  | Reached skill level 1 in Maces & Flails
  2762 | Ossuary  | Reached XP level 5. HP: 38/39 MP: 9/9
  2888 | Ossuary  | Reached skill level 1 in Fighting
  2968 | Ossuary  | Reached XP level 6. HP: 37/47 MP: 7/10
  3325 | D:4      | Noticed an ice beast
  3335 | D:4      | Killed an ice beast
  3444 | D:4      | Noticed Blork the orc
  3449 | D:4      | Your scales start taking on a dull iron-grey colour.
  3449 | D:4      | Reached XP level 7. HP: 30/55 MP: 10/12
  3449 | D:4      | Gained mutation: You can survive without breathing. [Grey Draconian growth]
  3468 | D:4      | Slain by an orc

Vault maps used:
D:1:      scummos_arrival_gate, serial_co_window_serial, co_window_paths_a,
          co_window_paths_b, co_window_paths_a, co_window_paths_b,
          co_window_paths_b, co_window_broadway_a, co_window_2corner,
          co_window_broadway_b, co_window_cross_4, co_window_4corner_a,
          co_window_paths_e, glass_columns_a, glass_columns_a, glass_columns_c
D:2:      eat_drink_and_be_merry_uskayaw, first_bread, minivault_25
D:3:      nicolae_overflow_hidden_temple, lemuel_crystal_altar
D:4:      kennysheep_mini_moat, lemuel_crystal_altar,
          minmay_temple_entry_from_below_a, enter_ossuary_3, serial_shops,
          nicolae_shop_statue_plus, minmay_goblin_kobold_house,
          uniq_blork_the_orc, uniq_ijyb
Ossuary:  ossuary_tomb_2

Skill      XL: |  1  2  3  4  5  6 |
---------------+-------------------+-----
Dodging        | 2 |  2.5
Ice Magic      | 4 |  4.5
Spellcasting   | 3 |  3.4
Maces & Flails | 1 2 4 |  4.4
Fighting       | 1 2 |  2.2
Stealth        | |  1.9
Unarmed Combat | |  0.6
Conjurations   | |  1.0
Charms         | |  0.3

Action                   |  1- 3 |  4- 6 |  7- 9 || total
-------------------------+-------+-------+-------++-------
Melee: Unarmed           |    40 |       |       ||    40
       Tailslap          |     4 |    20 |     3 ||    27
       Morningstar       |       |   151 |    13 ||   164
 Cast: Freeze            |    66 |     4 |     2 ||    72
       Ozocubu's Armour  |       |     5 |     1 ||     6
  Use: Scroll            |       |    10 |     1 ||    11
       Potion            |       |     3 |       ||     3
 Stab: Sleeping          |       |     3 |       ||     3
  Eat: Chunk             |     4 |     3 |       ||     7
       Bread ration      |       |     1 |       ||     1
Armor: Skin              |    35 |    81 |    41 ||   157
Dodge: Dodged            |    55 |    96 |    25 ||   176
Block: Other             |     9 |    29 |     5 ||    43

Table legend:
 A = Spawn XP
 B = Non-spawn XP
 C = Spawn XP percentage of total XP
 D = Spawn monster count
 E = Non-spawn monster count
 F = Spawn count percentage of total count
 G = Total turns spent on level
                    A         B        C        D         E        F      G
               +---------+---------+-------+---------+---------+-------+---------
         Total |       0 |     798 |   0.0 |       0 |      94 |   0.0 |  3468
               +---------+---------+-------+---------+---------+-------+---------
           D:1 |       0 |      29 |   0.0 |       0 |      16 |   0.0 |   921
           D:2 |       0 |      37 |   0.0 |       0 |      22 |   0.0 |   613
           D:3 |       0 |     109 |   0.0 |       0 |      18 |   0.0 |  1133
           D:4 |       0 |     268 |   0.0 |       0 |      12 |   0.0 |   227
       Ossuary |       0 |     355 |   0.0 |       0 |      26 |   0.0 |   574
               +---------+---------+-------+---------+---------+-------+---------
